 Dungeon Crawl Stone Soup version 0.25-a0-51-gc466198 (webtiles) character file.

Game seed: 7960402431223909378, levelgen mode: deterministic

12150 BoppinsLewinski the Fighter (level 11, -24/151 HPs)
             Began as a Hill Orc Gladiator on Oct 25, 2019.
             Was an Elder of Trog.
             Killed from afar by a hellion (30 damage)
             ... with damnation
             ... in a Gauntlet.
             The game lasted 00:50:09 (15619 turns).

BoppinsLewinski the Fighter (Hill Orc Gladiator)   Turns: 15619, Time: 00:50:10

Health: -24/151    AC: 25    Str: 26    XL:     11   Next: 88%
Magic:  12/12      EV: 11    Int:  8    God:    Trog [****..]
Gold:   778        SH:  0    Dex: 15    Spells: 10/10 levels left

rFire    . . .     SeeInvis +   C - +0 scimitar
rCold    . . .     Gourm    .   (no shield)
rNeg     . . .     Faith    .   j - +7 plate armour "Wawig" {Regen+}
rPois    .         Spirit   .   K - +2 hat
rElec    .         Reflect  .   (no cloak)
rCorr    .         Harm     .   k - +0 pair of gloves {Dex+3}
MR       .....     NoTele   +   z - +0 pair of boots
Stlth    ..........             (no amulet)
HPRegen  0.75/turn              (no ring)
MPRegen  0.13/turn              B - ring of see invisible

@: berserking, very slightly contaminated, invisible, very quick
A: no striking features
a: Berserk, Trog's Hand, Brothers in Arms, Renounce Religion


You were in a Gauntlet.
You worshipped Trog.
Trog was greatly pleased with you.
You were hungry.

You visited 2 branches of the dungeon, and saw 11 of its levels.
You also visited: Sewer, Ossuary, Bailey and Gauntlet.

You collected 778 gold pieces.

Inventory:

Hand Weapons
 t - a +0 hunting sling
 C - a +0 scimitar (weapon)
Missiles
 a - 5 silver boomerangs
 q - 21 poisoned darts (quivered)
 x - 374 stones
 G - a throwing net
Armour
 c - a +0 helmet
 j - the +7 plate armour "Wawig" (worn) {Regen+}
   (You found it in a bailey)

   It increases your rate of regeneration.
 k - a +0 pair of gloves of dexterity (worn)
 u - a +6 crystal plate armour
 z - a +0 pair of boots (worn)
 K - a +2 hat (worn)
Jewellery
 B - a ring of see invisible (right hand)
Wands
 D - a wand of disintegration (3)
 F - a wand of flame (17)
Scrolls
 d - 2 scrolls of magic mapping
 g - 3 scrolls of enchant weapon
 h - 7 scrolls of remove curse
 i - 2 scrolls of amnesia
 m - 8 scrolls of teleportation
 o - 2 scrolls of fear {unknown}
 v - a scroll of immolation {unknown}
 w - 2 scrolls of blinking {unknown}
 y - a scroll of noise {unknown}
Potions
 b - 2 potions of flight
 e - a potion of heal wounds
 n - 4 potions of brilliance
 p - 2 potions of curing
 A - a potion of lignification
 I - a potion of mutation
Miscellaneous
 s - a fan of gales
Comestibles
 f - 7 rations
 l - 8 chunks of flesh


   Skills:
 + Level 10.9 Fighting
 * Level 9.1 Long Blades
 + Level 6.2(7.7) Slings
 + Level 6.8(8.0) Throwing
 + Level 7.7 Armour
 + Level 6.5 Dodging
 + Level 2.2 Evocations


You had 10 spell levels left.
You didn't know any spells.
Your spell library was empty.

Dungeon Overview and Level Annotations

Branches:
Dungeon (10/15)            Temple (0/1) D:6            Lair (1/6) D:10
    Orc (0/2) D:10          Sewer (visited)         Ossuary (visited)
 Bailey (visited)         Gauntlet (1/1)

Altars:
Cheibriados
Dithmenos
Elyvilon
Gozag
Kikubaaqudgha
Nemelex Xobeh
Okawaru
Sif Muna
Trog
Vehumet

Shops:
D:8 *

Annotations:
Gauntlet 8 transporters, 2 runed translucent doors, exclusion: obsidian statue


Message History

Tha hellion gestures at ye.
Tha sphere o' damnation 'splodes!
Tha damnation 'ngulfs ye!
* * * LOW HITPOINT WARNIN'
* * * Tha damnation 'ngulfs tha hell hound!!
Tha hell hound bites ye but does nay damage.
A red film seems ta co'er yer vision as ye go berserk!
Ye feel yerself movin' faster!
Ye feel mighty!
Ye be feelin' hungry.
Tha hellion gestures at ye.
Tha sphere o' damnation 'splodes!
Tha damnation 'ngulfs ye!!
* * * LOW HITPOINT WARNIN'
* * * Tha damnation 'ngulfs tha hell hound!!
Tha hell hound dies!
Ye be too injured ta fight recklessly!
Ye be too injured ta fight recklessly!
Ye be too injured ta fight recklessly!
Ye feel a strong urge ta attack somethin'.
Tha hellion gestures at somethin'.
Tha sphere o' damnation 'splodes!
Tha damnation 'ngulfs ye!!
Ye die...

##≈.♣.#..8.8.8#.#########.
#≈≈.P.#(..8...#.#.......#.
##≈...#..8#8..#.#.##.##.#.
##...#########.##÷)#..###
##≈.♣.........#©#©##©##.#©
#≈≈...#########.##..#..##.
##≈...#.%#....#.#.##.##.#.
##...#:=#.##.#.#)......#.
..##..♣.###@.##.#.#########.
♣.#..P..#©.'...©#©#.......#.
..#.♣...###'#######...♣P..#.
©.#.P...#..2....#...P.PPP.#.
..#.....#.......#...#≈#≈#.#.
©.#.....#########.P.≈≈≈≈≈.#.
..#..∩............♣P#≈#≈#.#©
©.#.....#########..P≈≈≈≈≈.#.
..#.....#...3...#...#≈#≈#.#.


You could see a hellion.

Vanquished Creatures
  Pikel (D:4)
  2 orc knights (Bailey)
  A necromancer (Gauntlet)
  Joseph (D:8)
  2 centaur skeletons (D:10)
  A hornet (D:10)
  A slime creature (D:7)
  A merfolk (D:9)
  2 hippogriffs
  4 yaks (D:9)
  A hungry ghost (D:7)
  Eustachio (D:6)
  Menkaure (D:4)
  4 vampire mosquitoes (D:8)
  2 water moccasins
  9 orc warriors
  3 ice beasts
  2 ogres
  3 phantoms
  A slave (D:4)
  3 black bears
  A necrophage (D:6)
  3 sky beasts
  6 wolves (Gauntlet)
  2 centaurs
  A crocodile (D:10)
  4 big kobolds
  Blork the orc (D:4)
  8 bullfrogs
  A gnoll sergeant (D:10)
  2 water moccasin zombies (Ossuary)
  4 scorpions
  A water moccasin skeleton (D:6)
  5 killer bees (D:9)
  3 wights (D:8)
  2 howler monkeys (D:10)
  A crimson imp (D:8)
  A bullfrog zombie (D:9)
  7 orc priests
  16 orc wizards
  11 jellies
  A gnoll shaman (D:4)
  5 hounds
  2 bullfrog skeletons
  An iguana (D:10)
  A statue (D:4)
  6 worker ants
  A killer bee zombie (D:5)
  3 big kobold zombies (Ossuary)
  A hound skeleton (D:4)
  2 mummies (Ossuary)
  A worker ant zombie (D:5)
  15 gnolls
  10 adders
  3 river rats
  4 shadow imps
  15 oozes
  An adder skeleton (D:8)
  5 adder zombies
  4 worms
  A dart slug (D:2)
  5 leopard geckos
  61 orcs
  2 bat zombies (D:5)
  5 giant cockroaches
  3 gnoll zombies (Ossuary)
  6 goblins
  9 hobgoblins
  18 jackals
  28 kobolds
  2 quokkas
  3 ball pythons
  10 bats
  2 frilled lizards
  5 hobgoblin zombies (Ossuary)
  A jackal zombie (D:7)
  11 kobold zombies (Ossuary)
  3 orc zombies (Ossuary)
  2 quokka skeletons
  10 rats
394 creatures vanquished.

Vanquished Creatures (collateral kills)
  An orb spider (shapeshifter) (Gauntlet)
  A torpor snail (shapeshifter) (Gauntlet)
2 creatures vanquished.

Vanquished Creatures (others)
  2 hell hounds (Gauntlet)
  An orc (D:3)
  A quokka (D:4)
  5 fungi (D:7)
9 creatures vanquished.

Grand Total: 405 creatures vanquished

Notes
Turn   | Place    | Note
-------+----------+-------------------------------------------
     0 | D:1      | BoppinsLewinski the Hill Orc Gladiator began the quest for
                  | the Orb.
     0 | D:1      | Reached XP level 1. HP: 18/18 MP: 1/1
    67 | D:1      | Reached XP level 2. HP: 19/25 MP: 2/2
   472 | D:1      | Reached skill level 1 in Armour
   472 | D:1      | Reached XP level 3. HP: 27/30 MP: 3/3
   555 | D:1      | Reached skill level 3 in Fighting
  1170 | D:2      | Reached XP level 4. HP: 33/38 MP: 4/4
  2058 | D:3      | Reached XP level 5. HP: 27/45 MP: 5/5
  3600 | D:4      | You fall into a shaft and drop 1 floor!
  3600 | D:5      | Entered Level 5 of the Dungeon
  3601 | D:5      | Noticed an orc warrior
  3620 | D:5      | Noticed a sky beast
  3632 | D:5      | Found a glowing drain.
  3642 | Sewer    | Entered a sewer
  3654 | Sewer    | Reached XP level 6. HP: 21/52 MP: 6/6
  3999 | Sewer    | Reached skill level 4 in Fighting
  3999 | Sewer    | Reached skill level 1 in Slings
  4027 | Sewer    | Found a white marble altar of Elyvilon.
  4372 | D:4      | Noticed Menkaure
  4388 | D:4      | Killed Menkaure
  4388 | D:4      | Reached XP level 7. HP: 20/59 MP: 7/7
  4812 | D:4      | Found a white marble altar of Elyvilon.
  5101 | D:4      | Found a radiant altar of Vehumet.
  5182 | D:4      | Noticed Blork the orc
  5191 | D:4      | Killed Blork the orc
  5201 | D:4      | Found a shimmering blue altar of Sif Muna.
  5240 | D:4      | Noticed Pikel
  5269 | D:4      | Killed Pikel
  5269 | D:4      | Reached skill level 5 in Fighting
  5269 | D:4      | Reached skill level 5 in Long Blades
  5269 | D:4      | Reached XP level 8. HP: 53/68 MP: 8/8
  5409 | D:4      | Found a snail-covered altar of Cheibriados.
  5569 | D:4      | Found a bloodstained altar of Trog.
  5573 | D:4      | Became a worshipper of Trog the Wrathful
  6257 | D:5      | Reached skill level 6 in Fighting
  6418 | D:4      | HP: 3/70 [orc warrior/+0 morningstar (22)]
  6433 | D:4      | Reached XP level 9. HP: 5/78 MP: 9/9
  7380 | D:5      | Reached * piety under Trog
  7545 | D:4      | Reached skill level 5 in Armour
  7630 | D:5      | Reached skill level 7 in Fighting
  8265 | D:5      | Found an ancient bone altar of Kikubaaqudgha.
  8550 | D:6      | Found a shadowy altar of Dithmenos.
  8572 | D:6      | Found a staircase to the Ecumenical Temple.
  8575 | D:6      | Noticed Eustachio
  8600 | D:6      | Found a sand-covered staircase.
  8608 | Ossuary  | Entered an ossuary
  8653 | Ossuary  | Reached ** piety under Trog
  8981 | D:6      | Killed Eustachio
  8981 | D:6      | Reached skill level 5 in Throwing
  8981 | D:6      | Reached skill level 5 in Dodging
  9274 | D:6      | Reached skill level 8 in Fighting
  9338 | D:6      | Reached *** piety under Trog
  9690 | D:6      | Reached XP level 10. HP: 88/88 MP: 10/10
 10064 | D:7      | Found a flagged portal.
 10135 | Bailey   | Entered a bailey
 10679 | Bailey   | Noticed an orc knight
 10680 | Bailey   | Noticed an orc knight
 10700 | Bailey   | Killed an orc knight
 11084 | Bailey   | Killed an orc knight
 11084 | Bailey   | Reached skill level 9 in Fighting
 11291 | Bailey   | Got an encrusted plate armour
 11294 | Bailey   | Identified the +7 plate armour "Wawig" {Regen+} (You found
                  | it in a bailey)
 11382 | Bailey   | Reached skill level 5 in Slings
 11499 | D:7      | Paralysed by fainting for 7 turns
 12348 | D:7      | Reached **** piety under Trog
 12777 | D:8      | Reached skill level 10 in Fighting
 12777 | D:8      | Reached XP level 11. HP: 70/99 MP: 11/11
 12817 | D:8      | Found an opulent altar of Gozag.
 12818 | D:8      | Found Gozag's Platinum Reserve.
 12829 | D:8      | Noticed Joseph
 12847 | D:8      | Killed Joseph
 12956 | D:8      | Received a gift from Trog
 13614 | D:9      | Found a sparkling altar of Nemelex Xobeh.
 13771 | D:9      | Found an iron altar of Okawaru.
 14146 | D:9      | Reached skill level 1 in Evocations
 14322 | D:10     | Entered Level 10 of the Dungeon
 14431 | D:10     | Found a staircase to the Orcish Mines.
 14539 | D:10     | Paralysed by a hornet for 3 turns
 14670 | D:10     | Found a staircase to the Lair.
 14691 | D:10     | Reached ***** piety under Trog
 15262 | Lair:1   | Entered Level 1 of the Lair of Beasts
 15293 | Lair:1   | Found a gate leading to a gauntlet.
 15302 | Gauntlet | Entered a Gauntlet
 15302 | Gauntlet | Found a transporter.
 15302 | Gauntlet | Noticed an unseen horror
 15309 | Gauntlet | Found a transporter.
 15311 | Gauntlet | Found a transporter.
 15325 | Gauntlet | Found a transporter.
 15325 | Gauntlet | Noticed a shining eye
 15327 | Gauntlet | Found a transporter.
 15331 | Gauntlet | Found a runed translucent door.
 15331 | Gauntlet | Noticed a glowing orange brain
 15332 | Gauntlet | Noticed a brown ugly thing
 15334 | Gauntlet | Found a runed translucent door.
 15337 | Gauntlet | Found a transporter.
 15350 | Gauntlet | Noticed a sixfirhy
 15353 | Gauntlet | Found a transporter.
 15357 | Gauntlet | Noticed a sixfirhy
 15362 | Gauntlet | Found a runed translucent gate.
 15363 | Gauntlet | Found a transporter.
 15363 | Gauntlet | Found a runed translucent gate.
 15364 | Gauntlet | Found a runed translucent gate.
 15373 | Gauntlet | Found a transporter.
 15376 | Gauntlet | Noticed an obsidian statue
 15388 | Gauntlet | Found a transporter.
 15397 | Gauntlet | Noticed a necromancer
 15398 | Gauntlet | Found a transporter.
 15401 | Gauntlet | Found a transporter.
 15413 | Gauntlet | Noticed a two-headed ogre
 15413 | Gauntlet | a two-headed ogre changed into an eye of devastation
 15425 | Gauntlet | Noticed an orb spider
 15438 | Gauntlet | Noticed a swamp dragon
 15438 | Gauntlet | an eye of devastation changed into a swamp dragon
 15441 | Gauntlet | a swamp dragon changed into a torpor snail
 15457 | Gauntlet | Killed an orb spider
 15516 | Gauntlet | Found a transporter.
 15527 | Gauntlet | Killed a necromancer
 15597 | Gauntlet | Noticed a sixfirhy
 15618 | Gauntlet | HP: 5/151 [hellion/damnation (33)]
 15619 | Gauntlet | Killed from afar by a hellion

Levels and vault maps discovered:
D:1:      lemuel_arrival_broad_hall, layout_basic
D:2:      layout_rooms, bh_walls_and_bars
D:3:      layout_loops_corners
D:4:      layout_loops_ring, elyvilon_altar_4, bloody_trog, tgw_sif,
          vehumet_statue, kennysheep_little_box, uniq_pikel, uniq_menkaure
D:5:      layout_cave_pools, lemuel_zombie_altar_kikubaaqudgha, first_ration,
          portal_sewer_entry_a, eino_tiny_chamber
D:6:      layout_rooms, nicolae_dithmenos_the_darkroom, temple_pool_b,
          nicolae_ossuary_entry_monument, uniq_eustachio
D:7:      lemuel_slime, layout_basic, enter_bailey_8
D:8:      layout_basic, nicolae_gozag_zags_fifth_avenue, columned_hall_lemuel,
          uniq_joseph
D:9:      layout_loops_ring, lemuel_round_altar, okawaru_ov_weapons_minmay,
          hangedman_fish_farm
D:10:     layout_irregular_city, lair_entry_dummy, david_orc_2
Lair:1:   layout_gridlike, gauntlet_entry_generic, minmay_lair_oklob_chamber
Gauntlet: minmay_gauntlet_77_tree [minmay_gauntlet_arena_77_p_blocks,
          minmay_gauntlet_arena_77_braids,
          minmay_gauntlet_arena_77_hold_the_fort,
          minmay_gauntlet_arena_77_terracotta_army,
          minmay_gauntlet_arena_77_run_for_it,
          minmay_gauntlet_arena_77_double_cross,
          minmay_gauntlet_arena_77_cramped, gauntlet_exit_spiral]

Skill      XL: |  1  2  3  4  5  6  7  8  9 10 11 |
---------------+----------------------------------+-----
Throwing       | 2 3 4 5 6 |  6.8
Armour         | 1 2 4 5 6 7 |  7.7
Fighting       | 3 4 5 6 8 10 | 10.9
Dodging        | 3 4 5 6 |  6.5
Long Blades    | 4 5 6 7 9 |  9.1
Slings         | 1 2 3 4 5 6 |  6.2
Evocations     | 2 |  2.2

Action                   |  1- 3 |  4- 6 |  7- 9 | 10-12 || total
-------------------------+-------+-------+-------+-------++-------
Melee: Long sword        |   118 |   168 |   497 |   425 ||  1208
       Scimitar          |       |       |       |   281 ||   281
 Fire: Hunting sling     |       |    30 |   214 |   284 ||   528
Throw: Throwing net      |     1 |    10 |     2 |     1 ||    14
       Stone             |       |       |     1 |     3 ||     4
       Dart              |       |       |       |    26 ||    26
Invok: Berserk           |       |       |     4 |     7 ||    11
       Trog's Hand       |       |       |       |     8 ||     8
       Brothers in Arms  |       |       |       |     1 ||     1
Evoke: Wand              |       |     9 |    15 |    20 ||    44
  Use: Potion            |       |     8 |     8 |    10 ||    26
       Scroll            |       |     4 |     5 |    12 ||    21
 Stab: Confused          |       |     1 |       |       ||     1
       Paralysed         |       |     1 |       |       ||     1
       Held in net/web   |       |     3 |       |       ||     3
       Invisible         |       |       |       |     4 ||     4
  Eat: Chunk             |     1 |    10 |    11 |    17 ||    39
       Ration            |       |       |     3 |     4 ||     7
Armor: Leather armour    |    22 |       |       |       ||    22
       Scale mail        |    17 |    58 |       |       ||    75
       Chain mail        |       |    69 |   217 |       ||   286
       Skin              |       |       |    16 |       ||    16
       Plate armour      |       |       |   197 |   675 ||   872
Dodge: Dodged            |    86 |   134 |   316 |   419 ||   955
       Rpst.: Long sword |    19 |    42 |    78 |    62 ||   201
       Scimitar          |       |       |       |    47 ||    47

Table legend:
 A = Non-vault XP
 B = Vault XP
 C = Vault XP percentage of total XP
 D = Non-vault monster count
 E = Vault monster count
 F = Vault count percentage of total count
                 A         B        C        D         E       F
            +---------+---------+-------+---------+---------+-------
      Total |   10452 |    6906 |  39.8 |     287 |     110 |  27.7
            +---------+---------+-------+---------+---------+-------
        D:1 |      58 |       0 |   0.0 |      28 |       0 |   0.0
        D:2 |      61 |       0 |   0.0 |      28 |       0 |   0.0
        D:3 |     137 |       0 |   0.0 |      20 |       0 |   0.0
        D:4 |    1342 |     929 |  40.9 |      49 |       5 |   9.3
        D:5 |     601 |      17 |   2.8 |      22 |       3 |  12.0
        D:6 |    1057 |     191 |  15.3 |      19 |       1 |   5.0
        D:7 |     953 |     615 |  39.2 |      23 |      19 |  45.2
        D:8 |    1755 |     434 |  19.8 |      31 |       1 |   3.1
        D:9 |    2317 |     270 |  10.4 |      33 |       1 |   2.9
       D:10 |    2171 |     148 |   6.4 |      34 |       7 |  17.1
      Sewer |       0 |     137 | 100.0 |       0 |      11 | 100.0
    Ossuary |       0 |     314 | 100.0 |       0 |      33 | 100.0
     Bailey |       0 |    1901 | 100.0 |       0 |      19 | 100.0
   Gauntlet |       0 |    1950 | 100.0 |       0 |      10 | 100.0
            +---------+---------+-------+---------+---------+-------
